 Dungeon Crawl Stone Soup version 0.19.5 (webtiles) character file.

9328 Zhenya24pyc the Basher (level 11, -8/69 HPs)
             Began as a Gargoyle Fighter on Apr 27, 2017.
             Was a High Priest of Okawaru.
             Killed by divine providence
             ... invoked by an orc priest
              (13 damage)
             ... on level 11 of the Dungeon.
             The game lasted 00:28:22 (10776 turns).

Zhenya24pyc the Basher (Gargoyle Fighter)          Turns: 10776, Time: 00:28:23

Health: -8/69      AC: 20    Str: 30    XL:     11   Next: 44%
Magic:  15/15      EV: 11    Int:  8    God:    Okawaru [*****.]
Gold:   560        SH: 10    Dex: 10    Spells: 0 memorised, 10 levels left

rFire  x . .     SeeInvis .     t - +1 morningstar "Hydraslayer" {drain, Str+7} (curse)
rCold  + + +     Gourm    .     A - +1 ring mail {rC+}
rNeg   + . .     Faith    .     c - +0 shield
rPois  ∞         Spirit   .     D - +0 helmet
rElec  +         Reflect  .     k - +1 cloak {MR+}
rCorr  .         Harm     .     (no gloves)
MR     +....                    m - +0 pair of boots
Stlth  ..........               i - amulet of magic regeneration
                                (no ring)
                                v - ring of ice

@: very slightly contaminated
A: slimy green scales 1, blurry vision 1, cold resistance 1, deformed body, high
mp 1, negative energy resistance 1, shaggy fur 1, electricity resistance,
unbreathing, petrification resistance, rot immunity, AC +7
a: Heroism, Finesse, Renounce Religion


You were on level 11 of the Dungeon.
You worshipped Okawaru.
Okawaru was extremely pleased with you.
You were not hungry.

You visited 2 branches of the dungeon, and saw 12 of its levels.
You also visited: Sewer.

You collected 560 gold pieces.

Inventory:

Hand Weapons
 a - a +0 flail of protection
 t - the cursed +1 morningstar "Hydraslayer" (weapon) {drain, Str+7}
   (You found it on level 9 of the Dungeon)

   A truly terrible weapon, it drains the life of those it strikes.
   It affects your strength (+7).
   It has a curse placed upon it.
Armour
 c - a +0 shield (worn)
 k - a +1 cloak of magic resistance (worn)
 m - a +0 pair of boots (worn)
 A - a +1 ring mail of cold resistance (worn)
 D - a +0 helmet (worn)
Jewellery
 i - an amulet of magic regeneration (around neck)
 v - a ring of ice (left hand)
Wands
 g - a wand of flame (30/48)
 r - a wand of confusion (44/48)
 w - a wand of acid (11/15)
 y - a wand of confusion (10/48)
 H - a wand of flame (19/48)
 K - a wand of flame (32/48)
 L - a wand of flame (32/48)
Scrolls
 e - 3 scrolls of remove curse
 h - 5 scrolls of identify
 q - 2 scrolls of recharging
 s - a scroll of magic mapping
 z - 2 scrolls of teleportation
 C - 2 scrolls of fear
Potions
 d - a potion of might
 p - 3 potions of haste
 u - a potion of cure mutation {unknown}
 x - a potion of agility
 F - 6 potions of curing
 I - a potion of degeneration {unknown}
Comestibles
 f - 3 bread rations
 l - 9 chunks of flesh
 n - a slice of pizza
 o - 31 fruits
 B - 3 meat rations


   Skills:
 + Level 8.4 Fighting
 * Level 11.9 Maces & Flails
 + Level 8.2 Armour
 + Level 5.7 Dodging
 + Level 4.3 Shields
 + Level 4.2 Invocations


You had 10 spell levels left.
You didn't know any spells.

Dungeon Overview and Level Annotations

Branches:
Dungeon (11/15)            Temple (1/1) D:4
   Lair: D:8-11         Orc: D:9-12

Altars:
Ashenzari
Dithmenos
Elyvilon
Fedhas
Gozag
Hepliaklqana
Kikubaaqudgha
Makhleb
Nemelex Xobeh
Okawaru
Qazlal
Ru
Sif Muna
Uskayaw
Vehumet
Xom
Yredelemnul
Zin
The Shining One


Innate Abilities, Weirdness & Mutations

You are resistant to torment.
Your stone body is resilient. (AC +7)
You are immune to poison.
You resist negative energy. (rN+)
You are resistant to electric shocks. (rElec)
You can survive without breathing.
You are immune to petrification.
You are immune to rotting.
You are partially covered in slimy green scales. (AC +2)
Scrolls take you a little longer to read.
Your flesh is cold resistant. (rC+)
Armour fits poorly on your strangely shaped body.
You have an increased reservoir of magic. (+10% MP)
You are covered in fur. (AC +1)


Message History

The magic dart hits you!
You are too injured to fight recklessly!
Really read with blurry vision while enemies are nearby? [Y]es or [N]o only, please.
Really read with blurry vision while enemies are nearby? [Y]es or [N]o only, please.
Really read with blurry vision while enemies are nearby?
You block the elephant's attack. x2
You begin reading the scroll.
You continue reading the scroll.
The elephant tramples you!
* * * LOW HITPOINT WARNING * * *
You hold your ground!
The elephant barely misses you.
Blink to where?
Press: ? - help, Dir - move target cursor You are very lightly contaminated with residual magic.
As you read the scroll of blinking, it crumbles to dust.
An iguana comes into view.
The orc priest calls down the wrath of Beogh upon you.
Beogh smites you!
You die...

#...#######.....#
#........#......#
#........#......#
#........##.....#
######...##.....# ..
#..§##...##.....# ...#
#.CYo....+......##....#
#.o..o...#.........:...
#........##...@.# ....#
#........##.....##.l..#
#........o.............
#......................
#................#....
#...##...#######.#####
#...##(..#.......#
..... #...#.......#
...<. #...#.......#


You could see an orc priest.

Vanquished Creatures
  A hydra (D:10)
  Harold (D:11)
  An ugly thing (D:8)
  A cyclops (D:8)
  A troll (D:9)
  3 hippogriffs
  The ghost of Inarius the Shield-Bearer, an amateur MiFi (Sewer)
  4 yaks (D:10)
  Grum (D:11)
  Menkaure (D:5)
  A mottled dragon (D:9)
  Edmund (D:4)
  An orc warrior (D:9)
  An ice beast (D:5)
  3 sky beasts
  5 necrophages (D:10)
  9 ogres
  2 phantoms
  2 wolves (D:11)
  3 centaurs (D:9)
  A big kobold (D:8)
  6 bullfrogs
  A water moccasin zombie (D:10)
  A wyvern skeleton (D:6)
  A scorpion (D:8)
  15 killer bees
  2 howler monkeys (D:8)
  3 bullfrog zombies
  4 crimson imps
  4 lava snakes (D:8)
  4 orc priests
  8 hounds
  A bullfrog skeleton (D:10)
  A centaur skeleton (D:8)
  3 iguanas
  7 worker ants
  12 orc wizards
  A killer bee zombie (D:7)
  A hound skeleton (D:7)
  Robin (D:4)
  A howler monkey skeleton (D:5)
  12 adders
  3 gnolls (D:2)
  3 river rats (Sewer)
  4 shadow imps
  2 oozes
  An adder zombie (D:5)
  An adder skeleton (D:4)
  2 worms (D:2)
  3 dart slugs
  9 leopard geckos
  27 orcs
  4 bats
  6 giant cockroaches
  17 goblins
  11 hobgoblins
  17 jackals
  11 kobolds
  6 quokkas
  5 ball pythons (Sewer)
  6 frilled lizards
  2 quokka skeletons
  9 rats
282 creatures vanquished.

Vanquished Creatures (others)
  An orc wizard (D:7)
  2 bushes (D:10)
  A plant (D:10)
4 creatures vanquished.

Grand Total: 286 creatures vanquished

Notes
Turn   | Place    | Note
-------+----------+-------------------------------------------
     0 | D:1      | Zhenya24pyc the Gargoyle Fighter began the quest for the Orb.
     0 | D:1      | Reached XP level 1. HP: 14/14 MP: 1/1
    88 | D:1      | Reached XP level 2. HP: 18/19 MP: 2/2
   177 | D:1      | Reached skill level 3 in Maces & Flails
   259 | D:1      | Reached XP level 3. HP: 17/23 MP: 3/3
   785 | D:2      | Reached skill level 4 in Maces & Flails
   788 | D:2      | Reached XP level 4. HP: 4/28 MP: 4/4
  1289 | D:2      | Found a deep blue altar of Sif Muna.
  1289 | D:2      | Found a glowing golden altar of the Shining One.
  1289 | D:2      | Found a radiant altar of Vehumet.
  1289 | D:2      | Found a shadowy altar of Dithmenos.
  2204 | D:3      | Reached skill level 5 in Maces & Flails
  2205 | D:3      | Reached XP level 5. HP: 32/32 MP: 5/5
  2423 | D:4      | Found a sparkling altar of Nemelex Xobeh.
  2436 | D:4      | Found a staircase to the Ecumenical Temple.
  2441 | D:4      | Noticed Robin
  2478 | D:4      | Killed Robin
  2536 | Temple   | Entered the Ecumenical Temple
  2544 | Temple   | Became a worshipper of Warmaster Okawaru
  2577 | D:4      | Reached skill level 6 in Maces & Flails
  2577 | D:4      | Reached XP level 6. HP: 37/37 MP: 6/6
  2635 | D:4      | Noticed a phantom
  2795 | D:4      | Killed a phantom
  3076 | D:4      | Noticed Edmund
  3124 | D:4      | HP: 1/37 [Edmund/dire flail of protection (1)]
  3464 | D:4      | Killed Edmund
  3464 | D:4      | Reached skill level 7 in Maces & Flails
  3464 | D:4      | Reached skill level 1 in Invocations
  3464 | D:4      | Reached XP level 7. HP: 17/41 MP: 7/7
  3782 | D:4      | Found a white marble altar of Elyvilon.
  3956 | D:5      | Entered Level 5 of the Dungeon
  3973 | D:5      | Noticed Menkaure
  4030 | D:5      | Reached skill level 1 in Dodging
  4128 | D:5      | Killed Menkaure
  4128 | D:5      | Reached * piety under Okawaru
  4378 | D:5      | Reached XP level 8. HP: 34/48 MP: 9/9
  4823 | D:6      | Reached skill level 8 in Maces & Flails
  4947 | D:6      | Found a glowing drain.
  4955 | Sewer    | Entered a sewer
  4977 | Sewer    | Noticed Inarius's ghost (amateur MiFi)
  4994 | Sewer    | Killed Inarius's ghost
  4994 | Sewer    | Reached ** piety under Okawaru
  5432 | D:6      | Reached skill level 5 in Fighting
  5432 | D:6      | Reached XP level 9. HP: 30/54 MP: 11/11
  5839 | D:7      | Reached skill level 5 in Armour
  5849 | D:7      | Gained mutation: You are partially covered in slimy green scales. (AC +2) [mutagenic meat]
  5850 | D:7      | Gained mutation: Scrolls take you a little longer to read. [mutagenic meat]
  5851 | D:7      | Gained mutation: Your flesh is cold resistant. (rC+) [mutagenic meat]
  5852 | D:7      | Gained mutation: You have an increased reservoir of magic. (+10% MP) [mutagenic meat]
  5853 | D:7      | Gained mutation: You are covered in fur. (AC +1) [mutagenic meat]
  5854 | D:7      | Gained mutation: Armour fits poorly on your strangely shaped body. [mutagenic meat]
  5924 | D:7      | Reached skill level 9 in Maces & Flails
  6463 | D:7      | Reached *** piety under Okawaru
  7135 | D:8      | Noticed a cyclops
  7724 | D:8      | Reached skill level 10 in Maces & Flails
  7852 | D:8      | Killed a cyclops
  7852 | D:8      | Reached XP level 10. HP: 61/61 MP: 10/13
  7869 | D:8      | Noticed a cyan ugly thing
  7885 | D:8      | Killed a cyan ugly thing
  9096 | D:9      | Reached **** piety under Okawaru
  9378 | D:9      | Found a sacrificial altar of Ru.
  9413 | D:9      | Got an iridescent morningstar
  9414 | D:9      | Identified the cursed +1 morningstar "Hydraslayer" {drain, Str+7} (You found it on level 9 of the Dungeon)
  9424 | D:9      | Reached skill level 11 in Maces & Flails
  9703 | D:9      | Found a basalt altar of Yredelemnul.
  9799 | D:10     | Entered Level 10 of the Dungeon
  9959 | D:10     | Reached skill level 5 in Dodging
 10150 | D:10     | Noticed a five-headed hydra
 10160 | D:10     | Killed a five-headed hydra
 10160 | D:10     | Reached ***** piety under Okawaru
 10160 | D:10     | Reached XP level 11. HP: 55/68 MP: 15/15
 10196 | D:10     | Found a blossoming altar of Fedhas.
 10201 | D:10     | Received a gift from Okawaru
 10566 | D:11     | Noticed Harold
 10575 | D:11     | Noticed Grum
 10586 | D:11     | Killed Harold
 10593 | D:11     | Killed Grum
 10735 | D:11     | Noticed a hill giant
 10776 | D:11     | Killed from afar by an orc priest

Skill      XL: |  1  2  3  4  5  6  7  8  9 10 11 |
---------------+----------------------------------+-----
Maces & Flails | 3 4 5 6 7 8 10 11 | 11.9
Invocations    | 1 2 3 4 |  4.2
Dodging        | 1 2 4 5 |  5.7
Shields        | 4 |  4.3
Fighting       | 4 5 6 8 |  8.4
Armour         | 4 6 7 8 |  8.2

Action                   |  1- 3 |  4- 6 |  7- 9 | 10-12 || total
-------------------------+-------+-------+-------+-------++-------
Melee: Flail             |    95 |   434 |     4 |   150 ||   683
       Dire flail        |       |       |   533 |       ||   533
       Morningstar       |       |       |       |   218 ||   218
Invok: Heroism           |       |       |     1 |     3 ||     4
  Use: Potion            |       |     2 |       |     2 ||     4
       Scroll            |       |     1 |     3 |    16 ||    20
 Stab: Distracted        |       |       |     1 |       ||     1
  Eat: Chunk             |       |     9 |    19 |    10 ||    38
       Royal jelly       |       |       |     1 |       ||     1
Armor: Scale mail        |    50 |   196 |   359 |   235 ||   840
       Ring mail         |       |       |       |     4 ||     4
Dodge: Dodged            |    28 |   124 |   289 |   155 ||   596
Block: Shield            |    55 |   214 |     2 |   223 ||   494
